 Dungeon Crawl Stone Soup version 0.31-a0-986-g5e6e4ef867 (webtiles) character file.

Game seed: 7718390994161399526

35 Xavori the Trooper (level 3, 30/30 HPs)
             Began as a Djinni Chaos Knight on Nov 6, 2023.
             Was a Plaything of Xom.
             Quit the game on level 1 of the Dungeon.
             The game lasted 00:01:28 (10041 turns).

Xavori the Trooper (Djinni Chaos Knight)           Turns: 10041, Time: 00:01:28

Health: 30/30      AC:  3    Str: 11      XL:     3   Next: 55%
Gold:   88         EV: 11    Int: 10 (13) God:    Xom [.*....] SH:  0 Dex: 11 (12)

rFire   + + .        a - +0 falchion (chaos)
rCold   x . .        (no shield)
rNeg    . . .        b - +2 leather armour
rPois   ∞            (no helmet)
rElec   .            (no cloak)
rCorr   .            (no gloves)
SInv    .            (boots unavailable)
Will    .....        (no amulet)
Stlth   +            (no ring)
HPRegen 0.25/turn    (no ring)
MPRegen 0.00/turn

%: no passive effects
@: flying
A: sickness immunity, fire resistance 2, cold vulnerability 1, float, innate
caster, HP casting, extra vitality 1, clumsy 1, deformed body, deterioration 2
a: Renounce Religion


You were on level 1 of the Dungeon.
You worshipped Xom.
You were a plaything of Xom.
You visited 1 branch of the dungeon, and saw 2 of its levels.

You collected 88 gold pieces.

Inventory:

Hand Weapons
 a - a +0 falchion of chaos (weapon)
Armour
 b - a +2 leather armour (worn)
Jewellery
 l - the ring "Asej" {rElec rC- rN+ Will+}
   (Xom gifted it to you on level 1 of the Dungeon)

   [ring of willpower]

   rC-:       It makes you vulnerable to cold.
   rElec:     It insulates you from electricity.
   rN+:       It protects you from negative energy.
   Will+:     It increases your willpower.
Wands
 g - a wand of iceblast (4)
Scrolls
 c - a scroll of butterflies
 e - a scroll of noise {unknown}
 f - a scroll of revelation {unknown}
 i - a scroll of identify {unknown}
 k - a scroll of enchant weapon {unknown}
Potions
 d - a potion of curing {unknown}
 h - a potion of lignification {unknown}
 j - a potion of berserk rage


   Skills:
 + Level 3.2 Fighting
 + Level 2.9 Long Blades
 + Level 1.4 Armour
 + Level 2.5 Dodging
 * Level 0.8 Spellcasting
 * Level 0.8 Conjurations
 * Level 0.8 Hexes
   Level 0.0 Charms
 * Level 0.8 Summonings
 * Level 0.8 Necromancy
 * Level 0.8 Translocations
 * Level 0.8 Transmutations
 * Level 0.8 Fire Magic
 * Level 0.8 Ice Magic
 * Level 0.8 Air Magic
 * Level 0.8 Earth Magic
 * Level 0.8 Poison Magic


You knew the following spells:

 Your Spells              Type           Power      Damage    Failure   Level
a - Slow                  Hex            8%         N/A       32%         1
Your spell library was empty.

Dungeon Overview and Level Annotations

Branches:
Dungeon (2/15)

Altars:


Innate Abilities, Weirdness & Mutations

You are immune to sickness and miasma.
You are immune to poison.
Your flesh is very heat resistant. (rF++)
You are vulnerable to cold. (rC-)
You float through the air rather than walking.
You learn spells naturally, not from books.
Your magical power is your life essence.
You have superior vitality. (+4 MHP)
You are clumsy. (Dex -2)
Armour fits poorly on your strangely shaped body.
Your body often deteriorates upon taking damage.


Message History

You start waiting.
Done waiting.
You start waiting.
Done waiting.
You start waiting.
Done waiting.
You start waiting.
Done waiting.
You start waiting.
Xom almost notices you.
Your eyebrows briefly feel incredibly bushy.
You start waiting.
Done waiting.
You start waiting.
Done waiting.
You start waiting.
Xom is getting BORED.
You start waiting.
Xom is getting BORED.
You start waiting.
You are now a BORING thing.
You start waiting.
Xom makes a sudden noise!
You hear a bark!
You are now a toy of Xom.
You start waiting.
Done waiting.
You start waiting.
Done waiting.
You start waiting.
Done waiting.
You start waiting.
You are now a plaything of Xom.
You start waiting.
You are now a special plaything of Xom.
You start waiting. "Fight to survive, mortal."
You are now a plaything of Xom.
There are monsters nearby!
There are monsters nearby!
Are you sure you want to abandon this character and quit the game? (Confirm with "yes".)

#.#####.##...#.#...#.#...
### #.#####..#...#.####
#.# #...##...#.#... #.#
#.#####.##.#.## #.#
#.....#.##.#b#
#.###.....#.####.##
#5##:........)...#.
#.#..####.#.####.##
#.@................
##.##########.##### #5#
#..#.........# #.#
#.#........... #.#
##.....#.#.... ##### #.#
#......#.#.... #...# #.#
#......#.#....
##.#.####.#
#....#.#.#.#..
#.........#
#...##.#.#.##.


You could see an iron imp (summoned) and a white imp (summoned).

Vanquished Creatures
  A worm (D:2)
  A dart slug (D:1)
  A bat (D:2)
  2 endoplasms (D:1)
  A giant cockroach (D:2)
  6 goblins
  3 hobgoblins (D:1)
  4 jackals (D:1)
  A quokka (D:1)
  2 ball pythons (D:1)
  A frilled lizard (D:1)
  2 kobolds (D:1)
  A rat (D:1)
26 creatures vanquished.

Notes
Turn   | Place    | Note
-------+----------+-------------------------------------------
     0 | D:1      | Xavori the Djinni Chaos Knight began the quest for the Orb.
     0 | D:1      | Reached XP level 1. HP: 20/20 MP: 0/0
    98 | D:1      | XOM: divination: magic mapping
   118 | D:1      | Reached XP level 2. HP: 25/25 MP: 0/0
   307 | D:1      | Reached XP level 3. HP: 26/30 MP: 0/0
   307 | D:1      | Learned a level 1 spell: Slow
   505 | D:1      | XOM: divination: magic mapping
   638 | D:1      | XOM: god gift: book of Spatial Translocations
  1078 | D:1      | XOM: god gift: 22 gold pieces
  1174 | D:1      | XOM is BORED!
  1174 | D:1      | XOM: give mutations
  1174 | D:1      | Gained mutation: Your muscles are strong. (Str +4, Int/Dex
                  | -1) [Xom's mischief]
  1174 | D:1      | Gained mutation: Your body sometimes deteriorates upon
                  | taking damage. [Xom's mischief]
  1968 | D:1      | XOM: divination: detect items
  2078 | D:1      | XOM: god gift: wand of iceblast (4)
  2531 | D:1      | XOM: stat loss: -1 Dex (12/13)
  3020 | D:1      | XOM: stat loss: -1 Int (11/12)
  3183 | D:1      | XOM: stat loss: -1 Int (10/12)
  3895 | D:1      | XOM: stat loss: -1 Int (9/12)
  5471 | D:1      | XOM: summons 2 hostile demons
  5489 | D:2      | XOM: silly message
  5639 | D:2      | XOM: 1-stop teleportation journey
  5783 | D:2      | XOM: 1-stop teleportation journey
  6387 | D:1      | XOM: god gift: brown potion {god gift}
  7362 | D:1      | XOM: divination: detect creatures
  7364 | D:1      | XOM: noise
  7502 | D:1      | Identified the ring "Asej" {rElec rC- rN+ Will+} (Xom
                  | gifted it to you on level 1 of the Dungeon)
  7502 | D:1      | XOM: god gift: ring "Asej" {rElec rC- rN+ Will+}
  7624 | D:1      | XOM: god gift: glowing sling {god gift}
  7868 | D:1      | XOM: give mutations
  7868 | D:1      | Lost mutation: Your muscles are strong. (Str +4, Int/Dex
                  | -1) [Xom's mischief]
  7868 | D:1      | Gained mutation: Armour fits poorly on your strangely
                  | shaped body. [Xom's mischief]
  7868 | D:1      | Gained mutation: You are clumsy. (Dex -2) [Xom's mischief]
  8131 | D:1      | XOM: noise
  8135 | D:1      | XOM: god gift: scroll labelled PIFREM JIVIMANG {god gift}
  8245 | D:1      | XOM: give mutation
  8245 | D:1      | Gained mutation: Your body often deteriorates upon taking
                  | damage. [Xom's mischief]
  8304 | D:1      | XOM: scenery: summon butterflies
  8357 | D:1      | XOM: god gift: 6 boomerangs
  9343 | D:1      | XOM: silly message
  9636 | D:1      | XOM is BORED!
  9636 | D:1      | XOM: noise
 10040 | D:1      | XOM: summons 2 hostile demons
 10041 | D:1      | Quit the game

Illustrated notes

Levels and vault maps discovered:
D:1:      matt_arrival_grand_opening, layout_basic, serial_bayou_crossing
D:2:      layout_loops_ring

Action                     || total
---------------------------++-------
  Melee: Falchion          ||    69
    Use: Scroll            ||     1
         Potion            ||     1
   Stab: Sleeping          ||     1
 Armour: Leather armour    ||    38
  Dodge: Dodged            ||    47

Table legend: (Time is in decaauts)
 A = Elapsed time spent in this place.
 B = Non-inter-level travel time spent in this place.
 C = Inter-level travel time spent in this place.
 D = Time resting spent in this place.
 E = Time spent auto-exploring this place.
 F = Levels seen in this place.
 G = Mean time per level.
                   A        B        C        D        E       F      G
               +--------+--------+--------+--------+--------+-----+--------+
         Total |  10065 |  10011 |     54 |   8737 |   1065 |   2 | 5032.5 |
       Dungeon |  10065 |  10011 |     54 |   8737 |   1065 |   2 | 5032.5 |
               +--------+--------+--------+--------+--------+-----+--------+

Top non-repeatable levels by time:
     D:1: 9651 daAuts
     D:2: 413 daAuts
